 Dungeon Crawl Stone Soup version 0.24.0-2-g5b39cebb1c (webtiles) character file.

Game seed: 16289460800758669957, levelgen mode: deterministic

204638 MisterOstroum the Warrior (level 18, 0/125 HPs)
             Began as a Gargoyle Fighter on Oct 29, 2019.
             Was a Plaything of Xom.
             Killed from afar by a frost giant (46 damage)
             ... with a bolt of cold
             ... on level 14 of the Dungeon on Oct 30, 2019.
             The game lasted 03:25:43 (39979 turns).

MisterOstroum the Warrior (Gargoyle Fighter)       Turns: 39979, Time: 03:25:48

Health: 0/125      AC: 46    Str: 27    XL:     18   Next: 65%
Magic:  25/25      EV: 10    Int: 10    God:    Xom [......]
Gold:   3972       SH: 23    Dex:  9    Spells: 13/17 levels left

rFire    + . .     SeeInvis +   a - +5 demon whip (elec)
rCold    . . .     Gourm    .   s - +0 large shield
rNeg     + + .     Faith    .   N - +0 plate armour
rPois    ∞         Spirit   .   U - +0 mask of the Dragon {MR+ Slay+3 SInv}
rElec    +         Reflect  +   p - +2 cloak {MR+}
rCorr    .         Harm     .   v - +2 pair of gloves
MR       +++..                  f - +2 pair of boots {Fly}
Stlth    ..........             c - +2 amulet of reflection
HPRegen  0.30/turn              y - ring of protection from fire
MPRegen  0.19/turn              J - ring "Barhikh" {rElec rN+}

@: flying, studying Charms
A: antennae 1, big wings, molten scales 1, rugged brown scales 1, slimy green
scales 1, see invisible, negative energy resistance 1, screaming 1, electricity
resistance, unbreathing, evolution 1, petrification resistance, rot immunity, AC
+13
}: 1/15 runes: decaying
a: Stop Flying, Renounce Religion


You were on level 14 of the Dungeon.
You worshipped Xom.
You were a very special plaything of Xom.
You were not hungry.

You visited 7 branches of the dungeon, and saw 32 of its levels.
You visited the Abyss 1 time.
You also visited: Trove.

You collected 4681 gold pieces.
You spent 709 gold pieces at shops.

Inventory:

Hand Weapons
 a - a +5 demon whip of electrocution (weapon)
Missiles
 K - a throwing net (quivered) {!f}
 L - 15 javelins
 S - a curare-tipped dart
Armour
 f - a +2 pair of boots of flying (worn)
 p - a +2 cloak of magic resistance (worn)
 s - a +0 large shield (worn)
 v - a +2 pair of gloves (worn)
 N - a +0 plate armour (worn)
 U - the +0 mask of the Dragon (worn) {MR+ Slay+3 SInv}
   (You found it on level 11 of the Dungeon)

   It affects your accuracy and damage with ranged weapons and melee attacks
   (+3).
   It affects your resistance to hostile enchantments.
   It lets you see invisible.
Jewellery
 c - a +2 amulet of reflection (around neck)
 d - the amulet "Guddifoo" {Gourm +Blink MR+ Int+2}
   (You found it in a treasure trove)

   [amulet of the gourmand]

   It allows you to eat raw meat even when not hungry.
   It affects your intelligence (+2).
   It affects your resistance to hostile enchantments.
   It lets you blink.
 o - the amulet of Harmony {Acrobat rElec rF+}
   (You found it in a treasure trove)

   [amulet of the acrobat]

   It helps you evade while moving and waiting.
   It protects you from fire.
   It insulates you from electricity.
 y - a ring of protection from fire (left hand)
 J - the ring "Barhikh" (right hand) {rElec rN+}
   (Xom gifted it to you on level 10 of the Dungeon)

   [ring of positive energy]

   It insulates you from electricity.
   It protects you from negative energy.
Wands
 l - a wand of digging (3)
 B - a wand of enslavement (13)
 F - a wand of polymorph (8)
 H - a wand of disintegration (6)
 T - a wand of iceblast (12)
 X - a wand of paralysis (9)
Scrolls
 b - 18 scrolls of remove curse {@r2}
 m - a scroll of holy word
 q - 16 scrolls of magic mapping {@r5 !r}
 r - 4 scrolls of fog {!r}
 x - a scroll of summoning
 G - 2 scrolls of fear
 P - 2 scrolls of enchant armour
 Q - 4 scrolls of blinking
 R - 6 scrolls of teleportation {@r3 !r}
 W - 3 scrolls of immolation
 Z - a scroll of identify {@r1}
Potions
 h - a potion of lignification {@q6}
 k - 3 potions of brilliance
 t - 14 potions of curing {@q1 !q}
 w - 7 potions of heal wounds {@q2 !q}
 z - 8 potions of might {@q3 !q}
 A - a potion of cancellation
 C - 2 potions of mutation
 D - 5 potions of agility
 E - a potion of resistance
 M - a potion of berserk rage
 O - 4 potions of magic
 V - a potion of invisibility
 Y - 3 potions of haste {@q4 !q}
Books
 j - a manual of Charms
Miscellaneous
 g - 2 phantom mirrors
 i - a box of beasts
 n - a lamp of fire
 u - a phial of floods
Comestibles
 e - 49 rations
 I - 19 chunks of flesh


   Skills:
 + Level 16.4 Fighting
 - Level 14.0 Maces & Flails
 - Level 15.0 Armour
 - Level 10.0 Dodging
 + Level 16.4 Shields
 - Level 5.1 Charms
 - Level 10.1 Evocations


You had 13 spell levels left.
You knew the following spells:

 Your Spells              Type           Power        Failure   Level  Hunger
a - Swiftness             Chrm/Air       #.......     99%         2    ###....
B - Blink                 Tloc           N/A          100%        2    ###....

Your spell library contained the following spells:

 Spells                   Type           Power        Failure   Level  Hunger
 Animate Skeleton         Necr           N/A          100%        1    ##.....
 Apportation              Tloc           #.....       100%        1    ##.....
 Confusing Touch          Hex            #.....       100%        1    ##.....
 Freeze                   Ice            #...         100%        1    ##.....
 Magic Dart               Conj           #...         100%        1    ##.....
 Pain                     Necr           #...         100%        1    ##.....
 Call Imp                 Summ           #.......     100%        2    ###....
 Passwall                 Tmut/Erth      #.......     100%        2    ###....
 Slow                     Hex            #.......     100%        2    ###....
 Throw Frost              Conj/Ice       #.....       100%        2    ###....
 Confuse                  Hex            #.......     100%        3    ####...
 Conjure Flame            Conj/Fire      #.......     100%        3    ####...
 Gell's Gravitas          Tloc           #.........   100%        3    ####...
 Ignite Poison            Fire/Tmut/Pois #.......     100%        3    ####...
 Mephitic Cloud           Conj/Pois/Air  #.......     100%        3    ####...
 Ozocubu's Armour         Chrm/Ice       #.......     100%        3    ####...
 Regeneration             Chrm/Necr      #.........   100%        3    ####...
 Vampiric Draining        Necr           #.........   100%        3    ####...
 Animate Dead             Necr           N/A          100%        4    #####..
 Passage of Golubria      Tloc           N/A          100%        4    #####..
 Petrify                  Tmut/Erth      #.......     100%        4    #####..
 Summon Ice Beast         Ice/Summ       #.......     100%        4    #####..
 Summon Lightning Spire   Summ/Air       #.......     100%        4    #####..
 Throw Icicle             Conj/Ice       #.......     100%        4    #####..
 Fireball                 Conj/Fire      #.........   100%        5    ######.
 Lee's Rapid Deconstruct  Erth           #.........   100%        5    ######.
 Metabolic Englaciation   Hex/Ice        #.........   100%        5    ######.
 Silence                  Hex/Air        #.........   100%        5    ######.
 Yara's Violent Unravell  Hex/Tmut       #.........   100%        5    ######.
 Bolt of Fire             Conj/Fire      #.........   100%        6    #######
 Conjure Ball Lightning   Conj/Air       #.........   100%        6    #######
 Darkness                 Hex            #.........   100%        6    #######
 Deflect Missiles         Chrm/Air       #.........   100%        6    #######
 Invisibility             Hex            #.......     100%        6    #######
 Ring of Flames           Chrm/Fire      #.........   100%        7    #######
 Ignition                 Fire           #.........   100%        8    #######
 Tornado                  Air            #.........   100%        9    #######


Dungeon Overview and Level Annotations

Branches:
Dungeon (15/15)            Temple (1/1) D:4            Lair (5/6) D:11
  Swamp (4/4) Lair:4        Snake (4/4) Lair:2        Slime (0/5) Lair:5
    Orc (2/2) D:9             Elf (0/3) Orc:2        Vaults (1/5) D:14
 Depths (0/5) D:15

Altars:
Cheibriados
Elyvilon
Fedhas
Hepliaklqana
Kikubaaqudgha
Nemelex Xobeh
Okawaru
Qazlal
Ru
Sif Muna
Trog
Vehumet
Wu Jian
Xom
Yredelemnul
Beogh
Jiyva

Shops:
D:4 (   Orc:1 !   Orc:2 (:*[

Annotations:
D:13 Azrael
Swamp:4 1 exclusion, Bai Suzhen
Snake:2 Vashnia
Snake:4 exclusion: door


Innate Abilities, Weirdness & Mutations

You are resistant to torment.
Your stone body is resilient. (AC +13)
You are immune to poison.
Your large and strong wings let you fly indefinitely.
You resist negative energy. (rN+)
You are resistant to electric shocks. (rElec)
You can survive without breathing.
You are immune to petrification.
You are immune to rotting.
You have a pair of small antennae on your head.
You are partially covered in molten scales. (AC +2)
You are partially covered in rugged brown scales. (AC +1, +3% HP)
You are partially covered in slimy green scales. (AC +2)
You have supernaturally acute eyesight. (SInv)
You occasionally shout uncontrollably at your foes.
You evolve.


Message History

The large rock hits you!!
You hear an angry growl.
You see here a large rock.
The cyclops throws a large rock.
You reflect the large rock off an invisible shield around you!
The large rock hits the cyclops!!
You hear a splash.
The ironbrand convoker hits you but does no damage.
You thrash the ironbrand convoker!!
The ironbrand convoker is heavily wounded.
You whack the ironbrand convoker!
The ironbrand convoker is severely wounded.
The wizard shouts, "You are history!"
The wizard casts a spell at you. You resist with almost no effort.
The yaktaur shoots a bolt.
You reflect the bolt off an invisible shield around you!
The bolt hits the yaktaur!!
The yaktaur dies!
You hear an angry growl.
You thrash the ironbrand convoker!!
Lightning courses through the ironbrand convoker!
You kill the ironbrand convoker!
You hear an angry hiss.
The wizard points at you and mumbles some strange words.
You resist with almost no effort.
You hear Xom's maniacal laughter.
Your nose glows momentarily.
The cyclops throws a large rock.
The large rock barely misses you.
A polar bear comes into view.
A wolf spider comes into view.
Some of the chunks of flesh in your inventory have rotted away.
You see here a large rock.
The frost giant shouts!
The polar bear bites you. You block the polar bear's attack.
The polar bear claws you but does no damage.
There is an open door here.
You closely miss the polar bear. You whack the polar bear!
The polar bear is lightly wounded.
You block the polar bear's attack. x2; The polar bear closely misses you.
The wizard gestures wildly while chanting.
The wizard blinks!
The ogre mage shouts! "This is how I like it!"
You swap places with the ogre mage.
Some monsters swap places.
The ogre mage looks rather confused.
You hear a shout!
You hear two shouts! x2; You hear a shout!
Unknown command.
You hit the wizard.
The wizard is lightly wounded.
You whack the wizard! Lightning courses through the wizard!
The wizard is severely wounded.
The wizard gestures at you while chanting.
The orb of energy misses you.
You hit the wizard. Lightning courses through the wizard!
The wizard is almost dead.
You thrash the wizard!!
You kill the wizard!
The frost giant casts a spell at you. The bolt of cold misses you.
There is a gate leading back out of this place here.
You whack the wolf spider!
The wolf spider is moderately wounded.
You hit the wolf spider.
The wolf spider is moderately wounded.
The wolf spider hits you but does no damage.
The wolf spider bites you but does no damage.
You hit the wolf spider.
The wolf spider is moderately wounded.
You block the wolf spider's attack. x2
You whack the wolf spider!
The wolf spider is heavily wounded.
The wolf spider hits you but does no damage.
The wolf spider bites you but does no damage.
Your shield and plate armour prevent you from hitting the frost giant.
The wolf spider hits you but does no damage.
You block the wolf spider's attack.
The frost giant hits you but does no damage.
You block the wolf spider's attack. x2
You fly up through the gate.
Welcome back to the Dungeon!
There is a gate to the Vaults here.
You hit the frost giant.
Lightning courses through the frost giant!!
The frost giant is moderately wounded.
You block the wolf spider's attack. The wolf spider barely misses you.
The frost giant casts a spell at you. The bolt of cold hits you!!!
Ouch! That really hurt!
You thrash the frost giant!!
The frost giant is heavily wounded.
You block the wolf spider's attack.
The wolf spider bites you but does no damage.
Unknown command.
Really quaff
w - 8 potions of heal wounds {@q2 !q}?
You feel much better. The wolf spider hits you!
The wolf spider bites you but does no damage.
The frost giant gestures at you while chanting.
The bolt of cold hits you!!!
You die...
Xom roars with laughter!

#..#....#.............#......
#..######.............#......
#.......####.####.....'......
#......## #.# #'###.#......
#......# #.# #...#.#......
####...# #.# #...#.#......
#...## ##.## #...#.####...
#....###C.s###...#....#.##
#........@.......#....#.#.
#...####...###........#.#.
#...# ##.## #..._..))###.
#...# #.# #............ #...#
#.# ##........... ##...## #.#
#.....)......
#.....####.####............
#..........................
#####......................


You could see a frost giant and a wolf spider.

Vanquished Creatures
  Saint Roka (Snake:1)
  Nikola (Snake:3)
  Jorgrun (Orc:1)
  A sphinx (Vaults:1)
  A nagaraja (Snake:2)
  A vault warden (Vaults:1)
  Aizul (Snake:3)
  An orc warlord (Orc:2)
  A very ugly thing (Swamp:2)
  An ironheart preserver (Vaults:1)
  A spark wasp (Lair:2)
  An ettin (Orc:2)
  Erolcha (Orc:1)
  3 shambling mangroves
  Harold (D:10)
  18 hydras
  7 vault guards (D:14)
  2 ghost crabs (Swamp:2)
  12 naga warriors
  A catoblepas (Lair:5)
  11 anacondas
  8 centaur warriors
  An ice dragon (Vaults:1)
  An ogre mage (Vaults:1)
  11 alligators
  5 two-headed ogres
  A death knight (Vaults:1)
  3 death yaks (Lair:5)
  A tengu warrior (D:14)
  Urug (D:13)
  6 shock serpents
  4 naga sharpshooters
  3 orc high priests
  Sonja (Lair:3)
  A skeletal warrior (Vaults:1)
  A salamander mystic (Snake:2)
  A fire crab (shapeshifter) (Vaults:1)
  3 wizards
  2 unseen horrors
  6 swamp dragons
  9 sea snakes
  A death drake (Lair:3)
  3 spriggan druids
  4 naga ritualists
  5 ironbrand convokers (Vaults:1)
  Pikel (D:8)
  4 orc knights
  11 ugly things
  3 orc sorcerers
  A necromancer (D:15)
  An orb spider (Snake:4)
  5 salamanders
  5 cyclopes
  A faun (shapeshifter) (D:15)
  5 mana vipers
  4 deep elf magi
  A manticore (D:14)
  22 black mambas
  Maurice (D:9)
  4 elephants
  3 guardian serpents
  6 centaur zombies
  8 naga magi
  14 spiny frogs
  Joseph (D:9)
  6 kobold demonologists
  A rime drake (Lair:5)
  5 centaur skeletons
  7 komodo dragons
  8 yaktaurs (Vaults:1)
  A freezing wraith (D:15)
  A tengu conjurer (D:14)
  A polar bear (shapeshifter) (Vaults:1)
  A guardian mummy (D:10)
  17 hornets
  A harpy zombie (D:15)
  8 trolls
  2 polar bears
  Prince Ribbit (D:9)
  7 tyrant leeches
  5 bog bodies
  6 blink frogs
  8 hippogriffs
  14 slime creatures
  9 dream sheep
  2 centaur simulacra
  A redback (D:10)
  4 spriggans
  4 wyverns
  2 humans
  2 wraiths
  A shadow (Swamp:2)
  3 vampires (D:11)
  3 basilisks
  53 yaks
  A hog (Snake:3)
  A golden eye (D:10)
  4 vampire mosquitoes
  A steam dragon (D:11)
  14 swamp worms
  Menkaure (D:6)
  6 wargs
  17 insubstantial wisps (Swamp:1)
  27 nagas
  3 acid dragons
  7 water moccasins
  10 porcupines
  17 swamp drakes
  A hell hound (D:12)
  30 orc warriors
  4 ice beasts
  3 sky beasts
  A phantom (D:8)
  A slave (D:8)
  2 black bears
  14 ogres
  2 necrophages (D:8)
  3 wolves
  8 crocodiles
  15 centaurs
  4 big kobolds
  16 bullfrogs
  A gnoll sergeant (D:12)
  2 wyvern zombies
  4 scorpions
  A hornet simulacrum (D:14)
  13 killer bees
  9 wights
  An electric eel (Swamp:4)
  4 crimson imps
  2 jellies (D:8)
  6 hounds
  A human zombie (D:8)
  A quasit (D:9)
  15 orc priests
  2 bullfrog zombies (D:13)
  A bullfrog skeleton (D:5)
  26 orc wizards
  2 iguanas
  An iron imp (D:11)
  A human skeleton (D:8)
  Ijyb (D:5)
  14 worker ants
  A killer bee zombie (D:9)
  An ogre zombie (D:8)
  A howler monkey zombie (D:8)
  A worker ant zombie (D:5)
  5 gnolls (D:12)
  A howler monkey skeleton (D:11)
  14 adders
  A river rat (D:3)
  3 shadow imps
  A white imp (D:11)
  A worm zombie (D:4)
  An adder skeleton (D:7)
  5 worms
  2 dart slugs
  5 leopard geckos
  109 orcs
  7 giant cockroaches
  14 goblins
  12 hobgoblins
  15 jackals
  3 quokkas
  4 ball pythons
  9 bats
  4 frilled lizards
  A jackal skeleton (D:4)
  A jackal zombie (D:4)
  21 kobolds
  10 rats
1009 creatures vanquished.

Vanquished Creatures (collateral kills)
  Kirke (Snake:3)
  Louise (Snake:3)
  3 hydras (Swamp:4)
  A vault guard (D:14)
  A naga warrior (Snake:4)
  An anaconda (Snake:3)
  A death yak (Lair:5)
  A shock serpent (Snake:3)
  A sea snake (Snake:4)
  A deep elf mage (D:11)
  An orc knight (Vaults:1)
  An ugly thing (D:10)
  2 black mambas (Snake:3)
  A naga mage (Snake:2)
  A troll (D:9)
  A dream sheep (Lair:4)
  A wraith (D:8)
  Eustachio (D:4)
  3 yaks (Lair:2)
  A wyvern (D:8)
  2 vampire mosquitoes (D:13)
  2 swamp worms (Swamp:2)
  An acid dragon (Vaults:1)
  A water moccasin (Lair:2)
  A swamp drake (Swamp:1)
  A necrophage (D:8)
  2 ogres
  An elf zombie (D:8)
  A bullfrog (Lair:5)
  An elf skeleton (D:8)
  A killer bee (D:6)
  A hound (D:4)
  A human zombie (D:8)
  A human skeleton (D:8)
  An adder (D:4)
  An orc (D:4)
  A frilled lizard (D:4)
45 creatures vanquished.

Vanquished Creatures (others)
  A two-headed ogre (Vaults:1)
  2 dancing weapons
  A mana viper (Snake:1)
  A black mamba (Snake:3)
  A rime drake (Lair:2)
  4 yaktaurs (Vaults:1)
  2 dream sheep (Lair:4)
  A bullfrog (Lair:4)
  A water elemental (D:15)
  5 humans (Snake:3)
  A vampire mosquito (D:13)
  A naga (Snake:3)
  An acid dragon (D:12)
  2 slaves (D:8)
  2 orc priests
  2 orcs
  A giant cockroach (Snake:2)
  A quokka (D:8)
  8 fungi
  2 plants
40 creatures vanquished.

Grand Total: 1094 creatures vanquished

Notes
Turn   | Place    | Note
-------+----------+-------------------------------------------
     0 | D:1      | MisterOstroum the Gargoyle Fighter began the quest for the
                  | Orb.
     0 | D:1      | Reached XP level 1. HP: 14/14 MP: 1/1
   146 | D:1      | Reached XP level 2. HP: 16/19 MP: 2/2
   647 | D:1      | Reached XP level 3. HP: 24/24 MP: 3/3
  1127 | D:2      | Reached XP level 4. HP: 27/29 MP: 4/4
  1193 | D:2      | Found an ancient bone altar of Kikubaaqudgha.
  1197 | D:2      | Found a shimmering blue altar of Sif Muna.
  1199 | D:2      | Found a radiant altar of Vehumet.
  1203 | D:2      | Identified Sif Muna's Guide on Orientation
  1832 | D:3      | Found an ornate altar of the Wu Jian Council.
  2143 | D:4      | Reached XP level 5. HP: 34/34 MP: 5/5
  2265 | D:4      | Reached XP level 6. HP: 9/40 MP: 6/6
  2533 | D:4      | Noticed Eustachio
  2582 | D:3      | Reached skill level 5 in Fighting
  2697 | D:3      | Reached skill level 5 in Maces & Flails
  2852 | D:3      | Found a faded altar of an unknown god.
  3092 | D:4      | Found a sacrificial altar of Ru.
  3411 | D:3      | Found a sparkling altar of Nemelex Xobeh.
  3778 | D:4      | Reached XP level 7. HP: 44/44 MP: 7/7
  3965 | D:3      | Became a worshipper of The Xom-Meister, Xom-Xom-bo-Bom,
                  | Banana-Fana-fo-Fom
  3970 | D:3      | XOM: harmless Summ miscast
  3972 | D:3      | XOM: harmless Chrm miscast
  3986 | D:3      | XOM: silly message
  4007 | D:3      | XOM: potion effect (agility)
  4012 | D:3      | XOM: summons 7 friendly demons
  4171 | D:4      | Killed Eustachio
  4300 | D:4      | Found a staircase to the Ecumenical Temple.
  4315 | Temple   | Entered the Ecumenical Temple
  4411 | D:4      | XOM: scenery: 2 doors open
  4543 | D:4      | Found Zoganat's Antique Weapon Boutique.
  4564 | D:4      | Found a white marble altar of Elyvilon.
  4566 | D:4      | Found a stormy altar of Qazlal.
  4571 | D:4      | Found an iron altar of Okawaru.
  4711 | D:5      | Entered Level 5 of the Dungeon
  4727 | D:5      | XOM: polymorph orc wizard -> hound
  4735 | D:5      | XOM: 4-stop teleportation journey
  4749 | D:5      | XOM: scenery: create altars
  5006 | D:5      | XOM: god gift: 570 gold pieces
  5014 | D:5      | XOM: enchant monster (good)
  5044 | D:5      | XOM: 5-stop teleportation journey
  5048 | D:5      | Reached skill level 1 in Evocations
  5072 | D:5      | Noticed Ijyb
  5076 | D:5      | Killed Ijyb
  5087 | D:5      | Got a pair of ichor-stained boots
  5103 | D:5      | Identified the +0 pair of boots of Egalitarianism {-Cast
                  | rPois Dex+6 SInv} (You found it on level 5 of the Dungeon)
  5211 | D:5      | Reached XP level 8. HP: 52/52 MP: 7/9
  5287 | D:5      | XOM: harmless Conj miscast
  5362 | D:5      | XOM: divination: detect creatures
  5385 | D:5      | XOM: confuse monster(s)
  5555 | D:6      | Noticed Menkaure
  5560 | D:6      | XOM: summons friendly quasit
  5566 | D:6      | Killed Menkaure
  5702 | D:6      | Reached skill level 5 in Shields
  5788 | D:6      | XOM is BORED!
  5788 | D:6      | XOM: noise
  5792 | D:6      | XOM: potion effect (invisibility)
  6017 | D:6      | XOM: harmless Fire miscast
  6030 | D:6      | XOM: harmless Fire miscast
  6258 | D:7      | XOM: potion effect (brilliance)
  6273 | D:7      | Reached XP level 9. HP: 47/58 MP: 11/11
  6462 | D:7      | Found a bloodstained altar of Trog.
  6601 | D:7      | XOM: medium Fire miscast
  6672 | D:7      | XOM is BORED!
  7045 | D:8      | XOM: summons 9 friendly demons
  7238 | D:8      | Noticed Pikel
  7247 | D:8      | Killed Pikel
  7528 | D:8      | XOM: enchant monster (bad)
  7553 | D:8      | Found a basalt altar of Yredelemnul.
  7553 | D:8      | XOM: summons 7 friendly demons
  7667 | D:8      | Reached XP level 10. HP: 55/65 MP: 13/13
  7730 | D:8      | XOM: god gift: scroll labeled USOROI PAETHOS {god gift}
  8257 | D:8      | XOM: summons friendly crimson imp
  8280 | D:8      | XOM: swap monsters
  8286 | D:8      | Reached skill level 5 in Evocations
  8592 | D:9      | XOM: fog
  8638 | D:9      | Noticed Joseph
  8652 | D:9      | Killed Joseph
  8653 | D:9      | Found a hazy altar of Hepliaklqana.
  8685 | D:9      | XOM: medium Erth miscast
  8764 | D:9      | XOM: polymorph crimson imp -> quasit
  8899 | D:9      | XOM: summons friendly white imp
  8900 | D:9      | XOM: give mutations
  8900 | D:9      | Gained mutation: You passively map a small area around you.
                  | [Xom's grace]
  8900 | D:9      | Gained mutation: Your flesh is heat resistant. (rF+) [Xom's
                  | grace]
  8900 | D:9      | Gained mutation: You are partially covered in molten
                  | scales. (AC +2) [Xom's grace]
  8900 | D:9      | Gained mutation: Your muscles are strong. (Str +2) [Xom's
                  | grace]
  8967 | D:9      | Noticed Maurice
  8967 | D:9      | Noticed Prince Ribbit
  8970 | D:9      | You are sucked into a shaft and drop 3 floors!
  8972 | D:12     | XOM: scenery: create altars
  8986 | D:12     | Noticed a cyclops
  8994 | D:12     | XOM: polymorph ogre -> acid dragon
  9001 | D:12     | XOM: harmless Erth miscast
  9005 | D:12     | XOM: potion effect (might)
  9317 | D:10     | Entered Level 10 of the Dungeon
  9339 | D:9      | XOM: mild Summ miscast
  9406 | D:9      | XOM: scenery: 1 doors close
  9444 | D:9      | XOM: divination: magic mapping
  9447 | D:9      | XOM: mild Pois miscast
  9499 | D:9      | XOM: enchant monster (good)
  9542 | D:9      | Found a snail-covered altar of Cheibriados.
  9544 | D:9      | Found a blossoming altar of Fedhas.
  9611 | D:9      | XOM: divination: detect creatures
  9617 | D:9      | XOM: polymorph yak -> polar bear
  9680 | D:9      | XOM: confuse monster(s)
  9685 | D:9      | XOM: cast spell 'Metabolic Englaciation'
  9692 | D:9      | XOM: cleaving
  9697 | D:9      | Reached skill level 10 in Shields
  9991 | D:9      | XOM: cast spell 'Summon Mana Viper'
  9997 | D:9      | Killed Maurice
  9997 | D:9      | Reached XP level 11. HP: 45/72 MP: 15/15
 10004 | D:9      | Reached skill level 10 in Fighting
 10185 | D:9      | Found a staircase to the Orcish Mines.
 10221 | D:9      | XOM: cleaving
 10433 | D:10     | XOM: god gift: 18 stones
 10493 | D:10     | XOM: cast spell 'Discord'
 10586 | D:10     | XOM: enchant monster (good)
 10596 | D:10     | XOM: destruction
 10605 | D:10     | XOM: polymorph yak -> golden eye
 10614 | D:10     | XOM: give mutation
 10614 | D:10     | Gained mutation: You are covered in fur. (AC +1) [Xom's
                  | mischief]
 10626 | D:10     | Reached skill level 10 in Maces & Flails
 10661 | D:10     | Noticed a brown ugly thing
 10689 | D:10     | XOM: cast spell 'Summon Hydra'
 10691 | D:10     | Killed a brown ugly thing
 10894 | D:10     | XOM: fog
 10968 | D:10     | XOM: scenery: create altars
 10995 | D:10     | Noticed Harold
 10995 | D:10     | Noticed a two-headed ogre
 11002 | D:10     | Killed Harold
 11002 | D:10     | Reached skill level 1 in Dodging
 11003 | D:10     | a two-headed ogre changed into a redback
 11003 | D:10     | XOM: polymorph two-headed ogre -> redback
 11006 | D:10     | XOM: cleaving
 11007 | D:10     | XOM: summons 2 friendly demons
 11305 | D:10     | XOM: smoke on damage
 11683 | D:10     | XOM: god gift: fine copper ring {god gift}
 11684 | D:10     | Got a fine copper ring {god gift}
 11685 | D:10     | Identified the ring "Barhikh" {rElec rN+} (Xom gifted it to
                  | you on level 10 of the Dungeon)
 11700 | D:10     | XOM: 2-stop teleportation journey
 11765 | D:10     | Found a portal to a secret trove of treasure.
 11829 | D:10     | XOM: give mutations
 11829 | D:10     | Gained mutation: Your mind is acute. (Int +2) [Xom's grace]
 11829 | D:10     | Gained mutation: Your muscles are very strong. (Str +4)
                  | [Xom's grace]
 11829 | D:10     | Gained mutation: You have a pair of small antennae on your
                  | head. [Xom's grace]
 11942 | D:11     | XOM: cast spell 'Olgreb's Toxic Radiance'
 11993 | D:11     | Noticed a deep elf mage
 11994 | D:11     | Found the +0 mask of the Dragon {MR+ Slay+3 SInv}
 12000 | D:11     | XOM: summons 3 friendly demons
 12006 | D:11     | XOM: summons 3 friendly demons
 12021 | D:11     | Killed a deep elf mage
 12041 | D:11     | Noticed a deep elf mage
 12044 | D:11     | XOM: 3-stop teleportation journey
 12053 | D:11     | Reached skill level 5 in Armour
 12082 | D:11     | Noticed a six-headed hydra
 12090 | D:11     | XOM: scenery: create altars
 12099 | D:11     | Noticed an alligator
 12099 | D:11     | a six-headed hydra changed into an alligator
 12099 | D:11     | XOM: polymorph six-headed hydra -> alligator
 12104 | D:11     | XOM: enchant monster (good)
 12116 | D:11     | Killed an alligator
 12257 | D:11     | XOM: 3-stop teleportation journey
 12443 | D:11     | Noticed a green ugly thing
 12443 | D:11     | XOM: fog
 12457 | D:11     | Killed a green ugly thing
 12505 | D:11     | XOM: 1-stop teleportation journey
 12522 | D:11     | XOM: cloud trail
 12536 | D:11     | Noticed a salamander
 12536 | D:11     | a hippogriff changed into a salamander
 12536 | D:11     | XOM: polymorph hippogriff -> salamander
 12538 | D:11     | XOM: harmless Hex miscast
 12550 | D:11     | Killed a salamander
 12550 | D:11     | Reached XP level 12. HP: 78/78 MP: 16/16
 12761 | D:11     | XOM: butterfly on damage
 12960 | D:11     | XOM: potion effect (invisibility)
 13069 | D:11     | Found a staircase to the Lair.
 13113 | Lair:1   | Entered Level 1 of the Lair of Beasts
 13126 | Lair:1   | XOM: cast spell 'Disjunction'
 13144 | D:11     | XOM: swap monsters
 13652 | Lair:2   | XOM: enchant monster (bad)
 13770 | Lair:2   | Found a staircase to the Snake Pit.
 13779 | Lair:2   | XOM: confusion (+ monsters)
 13796 | Snake:1  | Entered Level 1 of the Snake Pit
 13801 | Snake:1  | Noticed a naga warrior
 13813 | Snake:1  | XOM: blink monster(s)
 13820 | Snake:1  | Killed a naga warrior
 13938 | Snake:2  | XOM: confuse monster(s)
 13948 | Snake:2  | XOM: enchant monster (good)
 13953 | Snake:2  | XOM: enchant monster (good)
 13963 | Snake:2  | Reached skill level 5 in Dodging
 14154 | Lair:2   | XOM: harmless Tmut miscast
 14205 | Lair:2   | XOM: god gift: wand of random effects (14)
 14477 | Lair:1   | XOM: confusion (+ monsters)
 14486 | Lair:1   | XOM: confusion (+ monsters)
 14487 | Lair:1   | XOM: mild Necr miscast
 14577 | Lair:1   | XOM: harmless Necr miscast
 14592 | Lair:1   | XOM: summons friendly quasit
 14615 | Lair:1   | Reached XP level 13. HP: 67/84 MP: 17/17
 15031 | Lair:2   | Noticed a minotaur
 15031 | Lair:2   | an eight-headed hydra changed into a minotaur
 15031 | Lair:2   | XOM: polymorph eight-headed hydra -> minotaur
 15044 | Lair:2   | Noticed a spark wasp
 15044 | Lair:2   | a minotaur changed into a spark wasp
 15044 | Lair:2   | XOM: polymorph minotaur -> spark wasp
 15289 | Lair:2   | XOM: scenery: 1 doors open
 15316 | Lair:2   | XOM: blink monster(s)
 15317 | Lair:2   | XOM: draining
 15792 | Lair:2   | XOM: mild Tmut miscast
 15972 | Lair:2   | XOM: torment (65/84 hp)
 16014 | Lair:2   | XOM: noise
 16019 | Lair:2   | XOM: confusion (+ monsters)
 16032 | Lair:2   | Killed a spark wasp
 16033 | Lair:2   | XOM: give mutation
 16033 | Lair:2   | Lost mutation: Your flesh is heat resistant. (rF+) [Xom's
                  | mischief]
 16172 | Lair:2   | XOM: polymorph yak -> komodo dragon
 16173 | Lair:2   | XOM: confuse monster(s)
 16436 | Lair:2   | XOM: harmless Air miscast
 16452 | Lair:2   | XOM: harmless Necr miscast
 16634 | Lair:3   | XOM: confusion
 16774 | Lair:3   | XOM: harmless Chrm miscast
 16874 | Lair:3   | Noticed Snorg
 16875 | Lair:3   | Noticed Snorg
 16875 | Lair:3   | Snorg changed into Snorg the death drake
 16875 | Lair:3   | XOM: polymorph Snorg -> Snorg the death drake
 16878 | Lair:3   | Killed Snorg the death drake
 17023 | Lair:3   | Noticed Sonja
 17029 | Lair:3   | XOM: medium Hex miscast
 17036 | Lair:3   | Killed Sonja
 17059 | Lair:3   | XOM: 3-stop teleportation journey
 17125 | Lair:3   | XOM is BORED!
 17261 | Lair:3   | XOM: scenery: create altars
 17298 | Lair:3   | XOM: give mutation
 17298 | Lair:3   | Gained mutation: You are agile. (Dex +2) [Xom's grace]
 17386 | Lair:3   | XOM: 2-stop teleportation journey
 17570 | Lair:4   | XOM: enchant monster (good)
 17583 | Lair:4   | XOM: enchant monster (good)
 17591 | Lair:4   | XOM: destruction
 17607 | Lair:4   | XOM: 2-stop teleportation journey
 17618 | Lair:4   | Reached skill level 10 in Armour
 17737 | Lair:4   | XOM: god gift: book of Frost
 17810 | Lair:4   | XOM: scenery: 1 doors open
 17904 | Lair:4   | XOM: cast spell 'Chain of Chaos'
 18204 | Lair:4   | XOM: silly message
 18213 | Lair:4   | Found a staircase to the Swamp.
 18216 | Lair:4   | XOM: harmless Tmut miscast
 18391 | Lair:5   | XOM: cloud trail
 18455 | Lair:5   | XOM: god gift: box of beasts
 18468 | Lair:5   | XOM: scenery: 1 doors open
 18545 | Lair:5   | XOM: god gift: 53 gold pieces
 18563 | Lair:5   | XOM: summons 3 friendly demons
 18652 | Lair:5   | XOM: cloud trail
 18839 | Lair:5   | XOM: noise
 18911 | Lair:5   | XOM: scenery: create altars
 18920 | Lair:5   | XOM: divination: magic mapping
 18934 | Lair:5   | Gained mutation: Your large and strong wings let you fly
                  | indefinitely. [Gargoyle growth]
 18934 | Lair:5   | Reached XP level 14. HP: 89/92 MP: 19/19
 18939 | Lair:5   | Found a staircase to the Slime Pits.
 18939 | Lair:5   | Found a viscous altar of Jiyva.
 18964 | Lair:5   | XOM: divination: magic mapping
 18973 | Lair:5   | XOM: fog
 18978 | Lair:5   | XOM: polymorph death yak -> catoblepas
 18980 | Lair:5   | XOM: mild Necr miscast
 18990 | Lair:5   | XOM: polymorph six-headed hydra -> water nymph
 18992 | Lair:5   | XOM: summons 4 friendly demons
 19458 | Lair:5   | XOM: give mutations
 19458 | Lair:5   | Gained mutation: You are partially covered in slimy green
                  | scales. (AC +2) [Xom's grace]
 19458 | Lair:5   | Gained mutation: You are partially covered in rugged brown
                  | scales. (AC +1, +3% HP) [Xom's grace]
 19476 | Lair:5   | XOM: god gift: lamp of fire
 19726 | Lair:2   | XOM: confuse monster(s)
 19819 | Orc:1    | Entered Level 1 of the Orcish Mines
 19961 | Orc:1    | XOM: cleaving
 19962 | Orc:1    | XOM: summons friendly shadow imp
 20208 | Orc:2    | Entered Level 2 of the Orcish Mines
 20217 | Orc:1    | XOM: give mutations
 20217 | Orc:1    | Gained mutation: You are very agile. (Dex +4) [Xom's grace]
 20217 | Orc:1    | Gained mutation: You are robust. (+10% HP) [Xom's grace]
 20227 | Orc:1    | XOM: cast spell 'Necromutation'
 20364 | Orc:1    | XOM: mild Pois miscast
 20515 | Swamp:1  | Entered Level 1 of the Swamp
 20525 | Swamp:1  | XOM: give mutation
 20525 | Swamp:1  | Lost mutation: You are robust. (+10% HP) [Xom's mischief]
 20597 | Swamp:1  | XOM: enchant monster (bad)
 20810 | Lair:4   | XOM: torment (53/94 hp)
 21121 | Swamp:1  | XOM: 1-stop teleportation journey
 21130 | Swamp:1  | XOM: 3-stop teleportation journey
 21141 | Swamp:1  | XOM: summons 4 friendly demons
 21473 | Swamp:1  | XOM: enchant monster (bad)
 21595 | Swamp:1  | XOM: confuse monster(s)
 21646 | Swamp:1  | XOM: god gift: scroll labeled KAZIACVUIWK {god gift}
 22191 | Swamp:2  | Noticed a purple very ugly thing
 22195 | Swamp:2  | XOM: summons 3 friendly demons
 22209 | Swamp:2  | Killed a purple very ugly thing
 22320 | Swamp:2  | XOM: give mutations
 22320 | Swamp:2  | Gained mutation: You passively map the area around you.
                  | [Xom's grace]
 22320 | Swamp:2  | Gained mutation: You expend magic power (3 MP) to
                  | strengthen your wands. [Xom's grace]
 22320 | Swamp:2  | Gained mutation: You have large cloven feet. [Xom's grace]
 22489 | Swamp:2  | XOM: enchant monster (bad)
 22493 | Swamp:2  | XOM: 3-stop teleportation journey
 22604 | Swamp:2  | XOM: 2-stop teleportation journey
 22605 | Swamp:2  | XOM: swap monsters
 22643 | Swamp:2  | XOM: mild Fire miscast
 22726 | Swamp:2  | XOM: cleaving
 22763 | Swamp:2  | XOM: divination: detect creatures
 23008 | Swamp:2  | XOM: potion effect (invisibility)
 23018 | Swamp:2  | XOM: cast spell 'Cause Fear'
 23024 | Swamp:2  | XOM: cleaving
 23032 | Swamp:2  | Reached XP level 15. HP: 65/99 MP: 21/21
 23281 | Swamp:3  | XOM: god gift: 22 arrows
 23304 | Swamp:3  | XOM: confuse monster(s)
 23309 | Swamp:3  | XOM: summons friendly crimson imp
 23343 | Swamp:2  | XOM: divination: detect creatures
 23816 | Swamp:3  | XOM: god gift: hunting sling {god gift}
 24309 | Swamp:3  | XOM: give mutation
 24309 | Swamp:3  | Gained mutation: You can translocate small distances at
                  | will. [Xom's grace]
 24313 | Swamp:3  | XOM: divination: detect creatures
 24553 | Swamp:4  | Entered Level 4 of the Swamp
 24572 | Swamp:4  | XOM: divination: magic mapping
 24592 | Swamp:4  | XOM: 2-stop teleportation journey
 24593 | Swamp:4  | XOM: potion effect (haste)
 24600 | Swamp:4  | XOM: god gift: spear {god gift}
 24645 | Swamp:4  | XOM: divination: magic mapping
 24648 | Swamp:4  | Noticed Bai Suzhen
 24653 | Swamp:4  | XOM: enchant monster (good)
 24656 | Swamp:4  | Noticed a thorn hunter
 24660 | Swamp:4  | XOM: enchant monster (good)
 24793 | Snake:1  | XOM: scenery: create altars
 24796 | Snake:1  | XOM: snakes to sticks
 24798 | Snake:1  | XOM: fog
 24806 | Snake:1  | XOM: confuse monster(s)
 24809 | Snake:1  | Reached skill level 10 in Evocations
 25266 | Snake:1  | XOM: enchant monster (good)
 25307 | Snake:1  | XOM: summons 2 friendly demons
 25394 | Snake:1  | XOM: god gift: 45 gold pieces
 25466 | Snake:1  | XOM: divination: detect creatures
 25538 | Snake:1  | XOM: give mutation
 25538 | Snake:1  | Gained mutation: Your flesh is cold resistant. (rC+) [Xom's
                  | grace]
 25624 | Snake:1  | XOM: god gift: transparent lajatang {god gift}
 26022 | Snake:2  | XOM: scenery: create altars
 26036 | Snake:2  | XOM: summons 13 friendly demons
 26052 | Snake:2  | Noticed Saint Roka
 26054 | Snake:2  | Noticed Vashnia
 26274 | Swamp:4  | XOM: cast spell 'Summon Mana Viper'
 26336 | Swamp:4  | XOM: polymorph swamp drake -> electric eel
 26416 | Swamp:3  | XOM: divination: detect items
 26518 | Swamp:4  | XOM: scenery: create altars
 26639 | Swamp:4  | XOM: summons 11 friendly demons
 26645 | Swamp:4  | XOM: fake destruction
 26790 | Swamp:4  | XOM: confusion
 26796 | Swamp:4  | XOM: fog
 26800 | Swamp:4  | XOM: scenery: create altars
 26814 | Swamp:4  | Reached XP level 16. HP: 23/108 MP: 11/23
 26947 | Swamp:3  | XOM: scenery: create altars
 27129 | Swamp:4  | XOM: god gift: 3 rations
 27410 | Swamp:4  | XOM: god gift: plate armour {god gift}
 27495 | Swamp:3  | XOM: give mutation
 27495 | Swamp:3  | Gained mutation: You have supernaturally acute eyesight.
                  | (SInv) [Xom's grace]
 27549 | Swamp:4  | XOM: 2-stop teleportation journey
 27606 | Swamp:4  | XOM: cloud trail
 27659 | Swamp:4  | Got a decaying rune of Zot
 27944 | Lair:2   | XOM: harmless Chrm miscast
 28176 | Snake:2  | XOM: potion effect (brilliance)
 28341 | Snake:1  | XOM: potion effect (brilliance)
 28349 | Snake:1  | XOM: potion effect (heal wounds)
 28366 | Snake:1  | Killed Saint Roka
 28383 | Snake:1  | Learned a level 2 spell: Blink
 28685 | Snake:1  | XOM: harmless Hex miscast
 29349 | Snake:2  | XOM: 2-stop teleportation journey
 29359 | Snake:2  | XOM: mild Tmut miscast
 29369 | Snake:2  | Noticed a nagaraja
 29370 | Snake:2  | XOM: 2-stop teleportation journey
 29376 | Snake:2  | XOM: medium Air miscast
 29401 | Snake:2  | XOM: chaos upgrade
 29402 | Snake:2  | XOM: enchant monster (bad)
 29589 | Snake:2  | XOM: confusion (+ monsters)
 29603 | Snake:2  | Killed a nagaraja
 29912 | Snake:2  | XOM: swap monsters
 29931 | Snake:2  | XOM: cast spell 'Death Channel'
 30205 | Snake:2  | XOM: polymorph salamander -> cyclops
 30359 | Snake:2  | XOM: summons 8 hostile demons
 30373 | Snake:3  | XOM: enchant monster (good)
 30402 | Snake:3  | XOM: confuse monster(s)
 30516 | Snake:3  | Noticed Louise
 30516 | Snake:3  | Cast into level 2 of the Abyss (Louise)
 30561 | Abyss:2  | Found a corrupted altar of Lugonu.
 30566 | Snake:3  | Escaped the Abyss
 30566 | Snake:3  | XOM: summons 4 friendly demons
 30583 | Snake:3  | Killed Louise
 30621 | Snake:3  | Noticed Kirke
 30621 | Snake:3  | XOM: confuse monster(s)
 30628 | Snake:3  | Killed Kirke
 30711 | Snake:3  | XOM: give mutations
 30711 | Snake:3  | Lost mutation: You are very agile. (Dex +4) [Xom's
                  | mischief]
 30711 | Snake:3  | Lost mutation: You are agile. (Dex +2) [Xom's mischief]
 30711 | Snake:3  | Lost mutation: You expend magic power (3 MP) to strengthen
                  | your wands. [Xom's mischief]
 30748 | Snake:3  | XOM: summons friendly crimson imp
 31027 | Snake:3  | XOM: medium Ice miscast
 31076 | Snake:3  | Noticed Nikola
 31076 | Snake:3  | XOM: noise
 31253 | Snake:3  | XOM: cast spell 'Ring of Flames'
 31261 | Snake:3  | Noticed Aizul
 31267 | Snake:3  | Killed Nikola
 31267 | Snake:3  | Reached skill level 15 in Fighting
 31267 | Snake:3  | Reached skill level 15 in Shields
 31276 | Snake:3  | XOM: noise
 31283 | Snake:3  | XOM: enchant monster (bad)
 31326 | Snake:3  | Killed Aizul
 31355 | Snake:3  | XOM: divination: detect creatures
 31532 | Snake:3  | XOM: medium Tmut miscast
 31547 | Snake:3  | Gained mutation: You are frail. (-10% HP) [mutagenic glow]
 31585 | Snake:3  | Gained mutation: Potions are less effective at restoring
                  | your health. [mutagenic glow]
 31618 | Snake:3  | Gained mutation: You are very frail. (-20% HP) [mutagenic
                  | glow]
 31651 | Snake:4  | Entered Level 4 of the Snake Pit
 31699 | Snake:4  | XOM: divination: detect items
 31718 | Snake:4  | XOM: cast spell 'Summon Hydra'
 31726 | Snake:4  | Noticed a nagaraja
 31731 | Snake:4  | XOM: cast spell 'Summon Hydra'
 31738 | Snake:4  | XOM: confuse monster(s)
 31746 | Snake:4  | XOM: confuse monster(s)
 31756 | Snake:4  | XOM: enchant monster (good)
 31774 | Snake:3  | XOM: give mutations
 31774 | Snake:3  | Gained mutation: Your mind is very acute. (Int +4) [Xom's
                  | grace]
 31774 | Snake:3  | Gained mutation: You have an increased reservoir of magic.
                  | (+10% MP) [Xom's grace]
 31774 | Snake:3  | Gained mutation: You are agile. (Dex +2) [Xom's grace]
 31848 | Snake:3  | XOM: scenery: create altars
 31884 | Snake:4  | XOM: butterfly on damage
 31891 | Snake:3  | XOM: scenery: create altars
 31893 | Snake:3  | XOM: cloud trail
 32121 | Snake:4  | Reached XP level 17. HP: 93/93 MP: 26/26
 32162 | Snake:4  | XOM: polymorph naga ritualist -> orb spider
 32395 | Snake:4  | XOM: cloud trail
 32466 | Snake:4  | XOM: cleaving
 32483 | Snake:4  | XOM: divination: detect items
 32672 | Snake:4  | XOM: cleaving
 32743 | Snake:4  | XOM: cast spell 'Shadow Creatures'
 32782 | Snake:4  | XOM: confuse monster(s)
 32804 | Snake:4  | XOM: confuse monster(s)
 32957 | Snake:4  | XOM: medium Summ miscast
 33021 | Snake:4  | XOM: cast spell 'Olgreb's Toxic Radiance'
 33027 | Snake:4  | XOM: enchant monster (good)
 33029 | Snake:4  | XOM: cast spell 'Summon Butterflies'
 33096 | Snake:3  | XOM: cast spell 'Summon Butterflies'
 33107 | Snake:3  | XOM: noise
 33163 | Snake:2  | XOM: harmless Air miscast
 33327 | D:9      | Killed Prince Ribbit
 33406 | D:10     | You paid a toll of a +5 demon trident to enter a treasure
                  | trove
 33407 | Trove    | Entered a treasure trove
 33427 | Trove    | Got a scintillating bronze amulet
 33439 | Trove    | Got a vibrating tin amulet
 33453 | Trove    | XOM: noise
 33466 | Trove    | Learned a level 2 spell: Swiftness
 33484 | D:10     | Identified the amulet of Harmony {Acrobat rElec rF+} (You
                  | found it in a treasure trove)
 33485 | D:10     | Identified the amulet "Guddifoo" {Gourm +Blink MR+ Int+2}
                  | (You found it in a treasure trove)
 33788 | Orc:2    | XOM: mild Fire miscast
 33861 | Orc:2    | Reached skill level 1 in Charms
 33866 | Orc:2    | XOM: enchant monster (good)
 34076 | Orc:2    | XOM: harmless Tmut miscast
 34079 | Orc:2    | XOM: potion effect (brilliance)
 34085 | Orc:2    | XOM: enchant monster (good)
 34205 | Orc:2    | Found a roughly hewn altar of Beogh.
 34291 | Orc:2    | Found Usoafyg's Antique Armour Shoppe.
 34300 | Orc:2    | Found Ycyc's Book Shoppe.
 34308 | Orc:2    | Found a staircase to the Elven Halls.
 34398 | Orc:2    | XOM: confuse monster(s)
 34593 | Orc:2    | XOM: cloud trail
 34765 | Orc:2    | Found Kaplirol's General Store.
 34772 | Orc:2    | Bought a scroll of teleportation for 33 gold pieces
 34781 | Orc:2    | Found Luaw's Antique Weapon Shoppe.
 34990 | Orc:1    | Found Ruacs's Distillery.
 34993 | Orc:1    | Bought a potion of haste for 130 gold pieces
 34993 | Orc:1    | Bought a potion of agility for 52 gold pieces
 34993 | Orc:1    | Bought a potion of heal wounds for 65 gold pieces
 34993 | Orc:1    | Bought a potion of heal wounds for 65 gold pieces
 34993 | Orc:1    | Bought a potion of agility for 52 gold pieces
 34993 | Orc:1    | Bought a potion of curing for 39 gold pieces
 34993 | Orc:1    | Bought a potion of curing for 39 gold pieces
 34993 | Orc:1    | Bought 2 potions of curing for 78 gold pieces
 34993 | Orc:1    | Bought a potion of agility for 52 gold pieces
 34993 | Orc:1    | Bought a potion of ambrosia for 104 gold pieces
 35063 | Orc:1    | Noticed Erolcha
 35071 | Orc:1    | Killed Erolcha
 35115 | Orc:1    | Noticed Jorgrun
 35120 | Orc:1    | XOM: harmless Conj miscast
 35121 | Orc:1    | XOM: cast spell 'Olgreb's Toxic Radiance'
 35126 | Orc:1    | Killed Jorgrun
 35320 | Orc:1    | XOM: divination: detect items
 35710 | D:12     | XOM: polymorph yak -> salamander
 35712 | D:12     | XOM: polymorph yak -> human
 35793 | D:12     | XOM is BORED!
 36156 | D:12     | XOM: cloud trail
 36175 | D:13     | XOM: scenery: 1 doors open
 36395 | D:13     | XOM: fake destruction
 36547 | D:13     | Noticed Azrael
 36560 | D:13     | XOM: cast spell 'Summon Hydra'
 36865 | D:13     | Noticed Urug
 36885 | D:13     | Killed Urug
 37159 | D:13     | XOM: give mutation
 37159 | D:13     | Lost mutation: Your muscles are very strong. (Str +4)
                  | [Xom's mischief]
 37283 | D:14     | XOM: scenery: create altars
 37372 | D:14     | XOM: confuse monster(s)
 37385 | D:14     | XOM: polymorph white ugly thing -> green ugly thing
 37437 | D:14     | XOM: stat loss: -1 Dex (10/11)
 37506 | D:14     | Found an iron altar of Okawaru.
 37516 | D:14     | XOM: divination: detect items
 37527 | D:14     | XOM: confusion (+ monsters)
 37543 | D:14     | XOM: mild Conj miscast
 37545 | D:14     | XOM: blink monster(s)
 37670 | D:14     | XOM: 5-stop teleportation journey
 37751 | D:14     | Found a radiant altar of Vehumet.
 37760 | D:14     | XOM: cast spell 'Olgreb's Toxic Radiance'
 37769 | D:14     | Reached skill level 10 in Dodging
 37925 | D:14     | Found a gate to the Vaults.
 37946 | D:14     | XOM: medium Tmut miscast
 38085 | D:14     | Reached XP level 18. HP: 99/99 MP: 28/28
 38101 | D:14     | XOM: mild Erth miscast
 38228 | D:14     | XOM: divination: detect items
 38289 | D:15     | Entered Level 15 of the Dungeon
 38331 | D:15     | Reached skill level 5 in Charms
 38425 | D:15     | Found a sparkling altar of Nemelex Xobeh.
 38449 | D:15     | XOM: divination: detect items
 38593 | D:15     | XOM: divination: magic mapping
 38599 | D:15     | XOM: 8-stop teleportation journey
 38610 | D:15     | XOM: divination: magic mapping
 38713 | D:15     | XOM: summons 10 friendly demons
 38805 | D:15     | Found a staircase to the Depths.
 38899 | D:15     | XOM: scenery: create altars
 38997 | Vaults:1 | Entered Level 1 of the Vaults
 39005 | Vaults:1 | XOM: summons friendly red devil
 39043 | Vaults:1 | XOM: confuse monster(s)
 39090 | Vaults:1 | XOM: divination: magic mapping
 39101 | Vaults:1 | XOM: potion effect (might)
 39120 | Vaults:1 | XOM: give mutations
 39120 | Vaults:1 | Lost mutation: You are very frail. (-20% HP) [Xom's
                  | mischief]
 39120 | Vaults:1 | Lost mutation: You are agile. (Dex +2) [Xom's mischief]
 39120 | Vaults:1 | Lost mutation: You are frail. (-10% HP) [Xom's mischief]
 39120 | Vaults:1 | Lost mutation: You are covered in fur. (AC +1) [Xom's
                  | mischief]
 39228 | Vaults:1 | XOM: 1-stop teleportation journey
 39548 | Vaults:1 | XOM: blink monster(s)
 39558 | Vaults:1 | XOM: chaos upgrade
 39559 | Vaults:1 | XOM: chaos upgrade
 39561 | Vaults:1 | XOM: 1-stop teleportation journey
 39576 | Vaults:1 | XOM: mild Tloc miscast
 39577 | Vaults:1 | XOM: harmless Ice miscast
 39661 | Vaults:1 | XOM: give mutations
 39661 | Vaults:1 | Lost mutation: You have an increased reservoir of magic.
                  | (+10% MP) [Xom's mischief]
 39661 | Vaults:1 | Lost mutation: Your muscles are strong. (Str +2) [Xom's
                  | mischief]
 39661 | Vaults:1 | Lost mutation: You passively map the area around you.
                  | [Xom's mischief]
 39661 | Vaults:1 | Lost mutation: You have large cloven feet. [Xom's mischief]
 39761 | Vaults:1 | XOM: polymorph centaur warrior -> anaconda
 39771 | Vaults:1 | XOM: give mutations
 39771 | Vaults:1 | Lost mutation: Your flesh is cold resistant. (rC+) [Xom's
                  | mischief]
 39771 | Vaults:1 | Gained mutation: You occasionally shout uncontrollably at
                  | your foes. [Xom's mischief]
 39771 | Vaults:1 | Lost mutation: Potions are less effective at restoring your
                  | health. [Xom's mischief]
 39771 | Vaults:1 | Lost mutation: You passively map a small area around you.
                  | [Xom's mischief]
 39837 | Vaults:1 | XOM: give mutations
 39837 | Vaults:1 | Gained mutation: You sometimes yell uncontrollably at your
                  | foes. [Xom's mischief]
 39837 | Vaults:1 | Lost mutation: You can translocate small distances at will.
                  | [Xom's mischief]
 39837 | Vaults:1 | Lost mutation: Your mind is very acute. (Int +4) [Xom's
                  | mischief]
 39859 | Vaults:1 | Reached skill level 15 in Armour
 39888 | Vaults:1 | XOM: chaos upgrade
 39905 | Vaults:1 | XOM: give mutations
 39905 | Vaults:1 | Gained mutation: You evolve. [Xom's mischief]
 39905 | Vaults:1 | Lost mutation: Your mind is acute. (Int +2) [Xom's
                  | mischief]
 39905 | Vaults:1 | Lost mutation: You sometimes yell uncontrollably at your
                  | foes. [Xom's mischief]
 39959 | Vaults:1 | XOM: harmless Tmut miscast
 39964 | Vaults:1 | XOM: swap monsters
 39979 | D:14     | Killed from afar by a frost giant

Levels and vault maps discovered:
D:1:      ebering_trefoil_twist, layout_loops_ring, minmay_splitting_lines
D:2:      layout_loops_ring, grunt_temple_overflow_magic_moments,
          minmay_randomly_rotated_circles
D:3:      layout_loops_ring, lemuel_round_altar,
          chequers_ecumenical_altar_simple, portal_sewer_entry_e,
          nemelex_lonely_heart_becter
D:4:      cheibrodos_greedy_goblins, layout_basic,
          grunt_temple_overflow_diamond, lemuel_round_altar,
          minmay_temple_entry_statues, enter_ossuary_3, serial_shops,
          kennysheep_mini, first_ration, uniq_eustachio
D:5:      layout_rooms, solitary_fountain, uniq_ijyb
D:6:      layout_cave_pools, uniq_menkaure
D:7:      layout_basic, old_standard_altar, serial_glass, glass_columns_a,
          glass_columns_b, glass_columns_b, glass_columns_a, glass_columns_b,
          glass_columns_c, minmay_strange_pillars, due_unseen_surprise
D:8:      layout_basic, lemuel_mausoleum_altar_yredelemnul,
          minmay_chambers_of_fives, uniq_pikel
D:9:      layout_loops_ring, kennysheep_mini_moat,
          chequers_temple_overflow_statue_of_worship, hiddenorc1_lemuel,
          uniq_joseph, uniq_prince_ribbit1, uniq_maurice
D:10:     kennysheep_spiral_hall, layout_long_grid,
          nicolae_trove_entry_path_of_doom, the_bakery, uniq_harold
D:11:     layout_roguey, lair_entry_dummy, hangedman_minor_magic
D:12:     layout_long_grid, nrook_uturn
D:13:     layout_stronghold, uniq_azrael, uniq_urug
D:14:     layout_irregular_city, erik_vaults_2, grunt_decor_one_mirror,
          minmay_misc_feat_hallway, hangedman_feature_mirror, bh_walls_and_bars
D:15:     grunt_enter_depths_magical_seal, layout_cave_pools,
          nemelex_xobeh_ov_fountains_minmay, nrook_pool_corridor
Temple:   nicolae_temple_figure_zero
Lair:1:   layout_hall_layers, grunt_megastairs_3, infiniplex_staircase_pool_2
Lair:2:   layout_regular_city, minmay_snake_entry_guardpost_small,
          chequers_serial_rivers_micro_e, grunt_megastairs_5,
          serial_bayou_shore_a
Lair:3:   layout_misc_corridors, beast_lair_carwin_2, lemuel_fruit_tree,
          uniq_snorg, uniq_sonja
Lair:4:   layout_misc_corridors, minmay_swamp_entry_swarm,
          chequers_serial_rivers_room_a, serial_bayou_shore_b
Lair:5:   layout_roguey, slime_altar_1, serial_bayou_pond_b, grunt_megastairs_4
Swamp:1:  layout_basic_swamp, serial_swamp_ruin, hangedman_swamp_ruin_wall,
          evilmike_swamp_ruin_house_5, evilmike_swamp_ruin_house_2
Swamp:2:  layout_basic_swamp, evilmike_swamp_ruin_rubble_1, swamp_pool3,
          infiniplex_staircase_pool
Swamp:3:  layout_basic_swamp, nicolae_swamp_dense_foliage, swamp_pool1,
          nicolae_swamp_very_dense_foliage
Swamp:4:  swamp, layout_basic_swamp, uniq_bai_suzhen
Snake:1:  layout_basic
Snake:2:  nicolae_sea_snake_s, layout_chambers, uniq_saint_roka, uniq_vashnia
Snake:3:  layout_cave_shapes, uniq_aizul, uniq_louise, uniq_kirke, uniq_nikola
Snake:4:  grunt_snake_rune_pools, layout_basic
Orc:1:    layout_caves, serial_shops, nicolae_shop_behind_doors, uniq_erolcha,
          uniq_jorgrun
Orc:2:    grunt_orc_cross, layout_caves
Vaults:1: vaults_standard_mumra_enter_the_diamond, st_greater_box_5,
          vaults_dpeg_doors, nicolae_vaults_big_ls,
          nicolae_vaults_stairing_the_circle, vaults_room_pool,
          ontoclasm_vaults_idyll, v_misc_19, v_pattern_1,
          vaults_room_large_hall, vaults_room_semicircle, v_misc_32,
          vaults_mumra_minichess_inversion, layout_vaults_maze

Skill      XL: |  1  2  3  4  5  6  7  8  9 10 11 12 13 14 15 16 17 18 |
---------------+-------------------------------------------------------+-----
Fighting       | 4 5 6 7 8 9 10 11 12 13 15 16 | 16.4
Maces & Flails | 3 4 5 6 7 9 10 11 12 13 14 | 14.0
Shields        | 4 5 8 10 11 12 13 15 16 | 16.4
Evocations     | 1 3 4 6 7 9 10 | 10.1
Armour         | 6 8 10 11 13 15 | 15.0
Dodging        | 3 5 7 10 | 10.0
Charms         | 4 5 |  5.1

Action                   |  1- 3 |  4- 6 |  7- 9 | 10-12 | 13-15 | 16-18 || total
-------------------------+-------+-------+-------+-------+-------+-------++-------
Melee: Flail             |   134 |   199 |   314 |   940 |  1363 |   854 ||  3804
       Whip              |       |   167 |       |       |       |       ||   167
       Unarmed           |       |       |    13 |       |       |       ||    13
       Demon trident     |       |       |       |       |       |     3 ||     3
       Demon whip        |       |       |       |       |       |  1015 ||  1015
Throw: Throwing net      |       |       |       |     1 |     1 |       ||     2
       Stone             |       |       |       |     2 |    56 |    12 ||    70
       Dart              |       |       |       |       |    27 |    15 ||    42
       Javelin           |       |       |       |       |    30 |    11 ||    41
 Abil: Fly               |       |       |       |       |     3 |       ||     3
       Stop Flying       |       |       |       |       |     3 |       ||     3
       Blink             |       |       |       |       |       |     8 ||     8
Evoke: Wand              |       |       |    21 |    29 |    63 |    26 ||   139
       Sack of spiders   |       |       |       |       |     1 |       ||     1
       Phantom mirror    |       |       |       |       |     1 |       ||     1
       Lamp of fire      |       |       |       |       |     2 |       ||     2
  Use: Scroll            |       |       |       |       |       |    42 ||    42
       Potion            |       |       |       |       |       |     6 ||     6
 Stab: Petrified         |       |       |     2 |     3 |       |    17 ||    22
       Sleeping          |       |       |     1 |       |       |       ||     1
       Paralysed         |       |       |       |     5 |    11 |    16 ||    32
       Confused          |       |       |       |     3 |     9 |    17 ||    29
       Petrifying        |       |       |       |     1 |       |     1 ||     2
       Invisible         |       |       |       |     1 |    10 |     2 ||    13
       Distracted        |       |       |       |       |     4 |     1 ||     5
  Eat: Chunk             |     1 |     9 |    12 |    24 |    37 |    34 ||   117
       Ration            |       |       |       |       |     1 |     3 ||     4
Armor: Scale mail        |   100 |   167 |   193 |   279 |       |       ||   739
       Acid dragon scale |       |       |       |   117 |    72 |       ||   189
       Plate armour      |       |       |       |       |   668 |   491 ||  1159
       Skin              |       |       |       |       |       |     1 ||     1
Dodge: Dodged            |    64 |   102 |   108 |   293 |   428 |   261 ||  1256
Block: Shield            |    94 |   166 |   175 |   643 |   782 |       ||  1860
       Large shield      |       |       |       |       |   289 |  1461 ||  1750
       Reflection        |       |       |       |       |       |    22 ||    22
